 Dungeon Crawl Stone Soup version 0.23-a0-117-gebca68c (webtiles) character file.

102 GrunderHorse the Skirmisher (level 4, -2/41 HPs)
             Began as a Centaur Gladiator on Aug 24, 2018.
             Splashed by Ijyb's acid (11 damage)
             ... on level 3 of the Dungeon.
             The game lasted 00:01:44 (2019 turns).

GrunderHorse the Skirmisher (Centaur Gladiator)     Turns: 2019, Time: 00:01:45

Health: -2/41      AC:  5    Str: 17    XL:     4   Next: 50%
Magic:  4/4        EV: 10    Int:  7    God:
Gold:   122        SH:  0    Dex: 11    Spells: 3/3 levels left

rFire    . . .     SeeInvis .   a - +0 long sword
rCold    . . .     Gourm    .   (no shield)
rNeg     . . .     Faith    .   b - +0 leather armour
rPois    .         Spirit   .   c - +0 helmet
rElec    .         Reflect  .   (no cloak)
rCorr    .         Harm     .   (no gloves)
MR       .....                  (no barding)
Stlth    +.........             (no amulet)
HPRegen  0.13/turn              (no ring)
MPRegen  0.09/turn              (no ring)

@: lethally poisoned (-2 -> -20), very quick
A: large, hooves 3, deformed body, speed 2, tough skin 3
a: no special abilities


You were on level 3 of the Dungeon.
You were hungry.

You visited 1 branch of the dungeon, and saw 3 of its levels.

You collected 122 gold pieces.

Inventory:

Hand Weapons
 a - a +0 long sword (weapon)
Missiles
 d - 3 throwing nets (quivered)
Armour
 b - a +0 leather armour (worn)
 c - a +0 helmet (worn)
Scrolls
 e - 3 scrolls of remove curse {unknown}
 i - 9 scrolls of identify {unknown}
 k - 3 scrolls of enchant weapon {unknown}
 m - 2 scrolls of enchant armour {unknown}
Potions
 l - a potion of curing {unknown}
Comestibles
 f - 4 rations


   Skills:
 + Level 4.8 Fighting
 - Level 2.6 Long Blades
 - Level 2.1 Throwing
 - Level 2.1 Dodging


You had 3 spell levels left.
You didn't know any spells.
Your spell library was empty.

Dungeon Overview and Level Annotations

Branches:
Dungeon (3/15)

Altars:
Kikubaaqudgha

Annotations:
D:3 Ijyb


Innate Abilities, Weirdness & Mutations

You have hooves in place of feet.
Armour fits poorly on your strangely shaped body.
You cover ground very quickly.
You have extremely tough skin. (AC +3)


Message History

The hobgoblin hits you.
There are monsters nearby!
You closely miss Ijyb. You kick Ijyb, but do no damage.
You feel sick. Ijyb hits you with a dagger of venom.
You are more poisoned.
The hobgoblin hits you but does no damage.
There are monsters nearby!
You closely miss Ijyb. You kick Ijyb, but do no damage.
You feel sick. Ijyb hits you but does no damage. The hobgoblin hits you.
Ijyb closely misses you.
You riposte.
You completely miss Ijyb. You kick Ijyb, but do no damage. You hit Ijyb.
Ijyb is lightly wounded.
You feel sick. The hobgoblin closely misses you.
You riposte.
You closely miss the hobgoblin. Your kick misses the hobgoblin.
Ijyb closely misses you. The hobgoblin hits you.
You feel sick.
Ijyb zaps a wand.
The bolt of acid hits you!
* * * LOW HITPOINT WARNING * * *
You are splashed with acid!
The acid burns!
You die...

#####.# .....
#.....# .....
#.#####
.....#######.#
........##...#
.?......##.###
....$...##.#
......g.##.#
#.....g.@..#
.......#####
##..... #.....
#..... ######


You could see Ijyb and a hobgoblin.

Vanquished Creatures
  3 adders (D:2)
  2 worms
  2 dart slugs (D:2)
  3 leopard geckos
  4 orcs (D:3)
  5 bats
  4 giant cockroaches
  9 hobgoblins
  2 jackals (D:2)
  5 kobolds
  A quokka (D:2)
  5 frilled lizards
  4 goblins
  9 rats
58 creatures vanquished.

Notes
Turn   | Place    | Note
-------+----------+-------------------------------------------
     0 | D:1      | GrunderHorse the Centaur Gladiator began the quest for the Orb.
     0 | D:1      | Reached XP level 1. HP: 17/17 MP: 1/1
    96 | D:1      | Reached XP level 2. HP: 17/25 MP: 2/2
   238 | D:1      | Reached skill level 3 in Fighting
   673 | D:2      | Reached XP level 3. HP: 15/31 MP: 3/3
   796 | D:2      | Found an ancient bone altar of Kikubaaqudgha.
   905 | D:2      | Reached skill level 4 in Fighting
  1081 | D:2      | Reached XP level 4. HP: 33/41 MP: 4/4
  2009 | D:3      | Noticed Ijyb
  2019 | D:3      | Splashed by Ijyb's acid

Vault maps used:
D:1:      dpeg_arrival_simpleton_c
D:2:      kiku_gazebo_garden_becter
D:3:      first_ration, minivault_11, uniq_ijyb

Skill      XL: |  1  2  3 |
---------------+----------+-----
Fighting       | 3 4 |  4.8
Long Blades    | |  2.6
Throwing       | |  2.1
Dodging        | |  2.1

Action                   |  1- 3 |  4- 6 || total
-------------------------+-------+-------++-------
Melee: Long sword        |    97 |    61 ||   158
       Kick              |     9 |    17 ||    26
  Use: Potion            |       |     2 ||     2
  Eat: Chunk             |       |     2 ||     2
Armor: Leather armour    |    33 |    23 ||    56
Dodge: Dodged            |    52 |    41 ||    93
       Rpst.: Long sword |    14 |    14 ||    28

Table legend:
 A = Non-vault XP
 B = Vault XP
 C = Vault XP percentage of total XP
 D = Non-vault monster count
 E = Vault monster count
 F = Vault count percentage of total count
                 A         B        C        D         E       F
            +---------+---------+-------+---------+---------+-------
      Total |     147 |       0 |   0.0 |      58 |       0 |   0.0
            +---------+---------+-------+---------+---------+-------
        D:1 |      32 |       0 |   0.0 |      19 |       0 |   0.0
        D:2 |      90 |       0 |   0.0 |      29 |       0 |   0.0
        D:3 |      25 |       0 |   0.0 |      10 |       0 |   0.0
            +---------+---------+-------+---------+---------+-------
